 Dungeon Crawl Stone Soup version 0.21.1-1-g345015fe64 (webtiles) character file.

1645 Kohma the Basher (level 8, -11/52 HPs)
             Began as a Gargoyle Fighter on June 22, 2018.
             Was a Follower of Makhleb.
             Mangled by an ogre
             ... wielding a +0 giant club
              (16 damage)
             ... on level 7 of the Dungeon.
             The game lasted 00:22:23 (6417 turns).

Kohma the Basher (Gargoyle Fighter)                 Turns: 6417, Time: 00:22:24

Health: -11/52     AC: 18    Str: 20    XL:     8   Next: 99%
Magic:  8/8        EV:  6    Int:  9    God:    Makhleb [*.....]
Gold:   411        SH: 10    Dex: 11    Spells: 5/7 levels left

rFire    . . .     SeeInvis .   n - +3 morningstar (drain)
rCold    . . .     Gourm    .   c - +0 shield
rNeg     + . .     Faith    +   r - +0 chain mail
rPois    ∞         Spirit   .   x - +1 helmet
rElec    +         Reflect  .   (no cloak)
rCorr    .         Harm     .   p - +0 pair of gloves
MR       .....                  (no boots)
Stlth    ..........             u - amulet of faith
HPRegen  0.17/turn              (no ring)
MPRegen  0.11/turn              (no ring)

@: no status effects
A: negative energy resistance 1, electricity resistance, unbreathing,
petrification resistance, rot immunity, AC +5
a: Renounce Religion


You were on level 7 of the Dungeon.
You worshipped Makhleb.
Makhleb was aware of your devotion.
You were not hungry.

You visited 2 branches of the dungeon, and saw 8 of its levels.
You also visited: Sewer.

You collected 411 gold pieces.

Inventory:

Hand Weapons
 n - a +3 morningstar of draining (weapon)
Armour
 c - a +0 shield (worn)
 i - a +0 shield
 p - a +0 pair of gloves (worn)
 r - a +0 chain mail (worn)
 x - a +1 helmet (worn)
 y - a +0 helmet
Jewellery
 b - an uncursed ring of wizardry {unknown}
 j - an uncursed amulet of magic regeneration
 m - a +2 amulet of reflection
 u - an amulet of faith (around neck)
 v - an uncursed ring of fire {unknown}
 w - an uncursed amulet of the gourmand
 B - a cursed -3 ring of protection {unknown}
Scrolls
 e - a scroll of amnesia
 h - 2 scrolls of identify
 q - a scroll of remove curse
 E - 7 scrolls of teleportation
Potions
 a - 3 potions of heal wounds
 g - a potion of curing {unknown}
 k - a potion of mutation {unknown}
 l - 2 potions of haste
 o - 3 potions of flight {unknown}
 s - a potion of invisibility {unknown}
 t - 3 potions of brilliance
 z - a potion of might
 C - a potion of agility {unknown}
Books
 A - the Grimoire of the Blistering Escort
   (You found it on level 5 of the Dungeon)

   Spells                             Type                      Level
   a - Throw Flame                    Conjuration/Fire             2
   b - Call Imp                       Summoning                    2
   c - Fireball                       Conjuration/Fire             5
   d - Summon Forest                  Summoning/Translocation      5
   e - Bolt of Fire                   Conjuration/Fire             6
Comestibles
 d - 5 chunks of flesh
 f - 16 rations


   Skills:
 + Level 6.8 Fighting
 * Level 8.0 Maces & Flails
 - Level 3.2 Armour
 + Level 7.0 Shields


You had 5 spell levels left.
You knew the following spells:

 Your Spells              Type           Power        Failure   Level  Hunger
a - Call Imp              Summ           #.......     100%        2    ###....


Dungeon Overview and Level Annotations

Branches:
Dungeon (7/15)             Temple (1/1) D:5

Altars:
Ashenzari
Cheibriados
Elyvilon
Gozag
Hepliaklqana
Kikubaaqudgha
Makhleb
Nemelex Xobeh
Okawaru
Ru
Sif Muna
Trog
Vehumet
Yredelemnul
Zin
The Shining One

Annotations:
D:5 exclusion: statue


Innate Abilities, Weirdness & Mutations

You are resistant to torment.
Your stone body is resilient. (AC +5)
You are immune to poison.
You resist negative energy. (rN+)
You are resistant to electric shocks. (rElec)
You can survive without breathing.
You are immune to petrification.
You are immune to rotting.


Message History

An ogre comes into view. It is wielding a giant club.
Found a stone staircase leading down.
You block the ogre's attack.
You thump the ogre!
The ogre is heavily wounded.
The ogre hits you with a giant club!
You barely miss the ogre.
The ogre is moderately wounded.
The ogre hits you with a giant club!
You hit the ogre. You drain the ogre!
The ogre is heavily wounded.
The ogre hits you with a giant club!!
* * * LOW HITPOINT WARNING * * *
You thump the ogre!
The ogre is almost dead.
You block the ogre's attack.
You hit the ogre but do no damage.
The ogre is almost dead.
The ogre hits you with a giant club!
You die...

#..............
##..............
........########
........#
........#
........####+####
+##+#............
#............
#....@O......
#............
#.....$......
#.../........
....###+######
..... ......
>.....


You could see an ogre.

Vanquished Creatures
  Sigmund (D:4)
  2 centaurs
  A crocodile (Sewer)
  A bullfrog (D:6)
  4 scorpions
  3 vampire bats (D:2)
  2 howler monkeys (D:5)
  2 crimson imps
  2 hounds
  A jelly (D:6)
  6 orc priests
  An orc wizard (D:5)
  7 worker ants
  Robin (D:2)
  2 howler monkey skeletons
  10 adders
  A shadow imp (D:5)
  An ooze (D:3)
  An adder zombie (D:6)
  2 adder skeletons
  3 worms
  3 dart slugs
  7 leopard geckos
  9 orcs
  2 bat skeletons (D:2)
  3 bat zombies (D:2)
  4 giant cockroaches
  13 goblins
  10 hobgoblins
  2 jackals (D:2)
  5 kobolds
  2 quokkas
  2 ball pythons (D:4)
  16 bats
  3 frilled lizards
  A leopard gecko skeleton (D:5)
  A leopard gecko zombie (D:5)
  A quokka zombie (D:6)
  13 rats
151 creatures vanquished.

Notes
Turn   | Place    | Note
-------+----------+-------------------------------------------
     0 | D:1      | Kohma the Gargoyle Fighter began the quest for the Orb.
     0 | D:1      | Reached XP level 1. HP: 14/14 MP: 1/1
   187 | D:1      | Found an iron altar of Okawaru.
   237 | D:1      | Reached XP level 2. HP: 15/19 MP: 2/2
   499 | D:1      | Reached XP level 3. HP: 23/23 MP: 3/3
   836 | D:2      | Found an ancient bone altar of Kikubaaqudgha.
   862 | D:2      | Reached skill level 3 in Maces & Flails
   862 | D:2      | Reached XP level 4. HP: 20/29 MP: 4/4
   869 | D:2      | Reached XP level 5. HP: 23/33 MP: 5/5
  1120 | D:2      | Reached skill level 4 in Maces & Flails
  1317 | D:2      | Noticed Robin
  1393 | D:2      | Killed Robin
  1397 | D:2      | Reached XP level 6. HP: 24/39 MP: 6/6
  2345 | D:3      | Reached skill level 5 in Shields
  2832 | D:4      | Noticed Sigmund
  2843 | D:4      | Found a glowing drain.
  2852 | Sewer    | Entered a sewer
  2925 | Sewer    | Reached skill level 5 in Maces & Flails
  3167 | D:4      | Reached skill level 5 in Fighting
  3167 | D:4      | Reached XP level 7. HP: 34/44 MP: 7/7
  3185 | D:4      | Killed Sigmund
  3642 | D:4      | Reached skill level 6 in Maces & Flails
  3932 | D:5      | Entered Level 5 of the Dungeon
  4064 | D:5      | Found a glowing golden altar of the Shining One.
  4093 | D:5      | Reached XP level 8. HP: 43/51 MP: 8/8
  4147 | D:5      | Found a staircase to the Ecumenical Temple.
  4160 | Temple   | Entered the Ecumenical Temple
  4166 | Temple   | Became a worshipper of Makhleb the Destroyer
  4998 | D:5      | Reached skill level 7 in Maces & Flails
  5156 | D:5      | Found a radiant altar of Vehumet.
  5300 | D:5      | Identified the Grimoire of the Blistering Escort
  5583 | D:6      | Found a sand-covered staircase.
  5609 | D:6      | Learned a level 2 spell: Call Imp
  5635 | D:6      | Found a shattered altar of Ashenzari.
  5648 | D:6      | Reached * piety under Makhleb
  5675 | D:6      | Found a white marble altar of Elyvilon.
  5943 | D:6      | Found an iron altar of Okawaru.
  5987 | D:6      | Found a hazy altar of Hepliaklqana.
  5987 | D:6      | Found an opulent altar of Gozag.
  6366 | D:7      | Reached skill level 8 in Maces & Flails
  6417 | D:7      | Mangled by an ogre

Skill      XL: |  1  2  3  4  5  6  7  8 |
---------------+-------------------------+-----
Shields        | 4 5 6 7 |  7.0
Maces & Flails | 3 4 5 6 8 |  8.0
Fighting       | 4 5 6 |  6.8
Armour         | |  3.2

Action                   |  1- 3 |  4- 6 |  7- 9 || total
-------------------------+-------+-------+-------++-------
Melee: Flail             |    97 |   318 |   181 ||   596
       Morningstar       |       |       |    98 ||    98
  Use: Scroll            |       |    13 |     5 ||    18
       Potion            |       |       |     4 ||     4
  Eat: Ration            |       |     2 |     1 ||     3
       Chunk             |       |     1 |     8 ||     9
Armor: Scale mail        |   105 |   227 |    38 ||   370
       Chain mail        |       |       |   112 ||   112
Dodge: Dodged            |    59 |   135 |    47 ||   241
Block: Shield            |    88 |   229 |   164 ||   481
       Reflection        |       |       |     3 ||     3
